 Dungeon Crawl Stone Soup version 0.13.1-17-g0f9d4ff (webtiles) character file.

196 Kae the Chopper (level 4, -1/37 HPs)
             Began as a Hill Orc Death Knight on Dec 18, 2013.
             Was a Believer of Yredelemnul.
             Slain by a green rat (8 damage)
             ... on Level 3 of the Dungeon.
             The game lasted 00:04:14 (1644 turns).

Kae the Chopper (Hill Orc Death Knight)             Turns: 1644, Time: 00:04:15

HP  -1/37        AC  3     Str 16      XL: 4   Next: 21%
MP   8/8         EV 10     Int 11      God: Yredelemnul [**....]
Gold 126         SH  0     Dex 10      Spells:  0 memorised,  3 levels left

Res.Fire  : . . .   See Invis. : .   a - +1 orc hand axe {=f}
Res.Cold  : . . .   Warding    : +   b - +0 orc leather armour
Life Prot.: + . .   Conserve   : .   (no shield)
Res.Poison: .       Res.Corr.  : .   (no helmet)
Res.Elec. : .       Clarity    : .   (no cloak)
Sust.Abil.: . .     Spirit.Shd : .   (no gloves)
Res.Mut.  : .       Stasis     : .   (no boots)
Res.Rott. : .       Flight     : .   i - amulet of warding {unknown}
Saprovore : + . .                    (no ring)
                                     (no ring)

@: slightly resistant to hostile enchantments, very unstealthy
A: saprovore 1
a: Animate Remains, Recall Undead Slaves, Injury Mirror, Renounce Religion


You were on level 3 of the Dungeon.
You worshipped Yredelemnul.
Yredelemnul was pleased with you.
You were hungry.

You visited 1 branch of the dungeon, and saw 3 of its levels.

You collected 106 gold pieces.

Inventory:

Hand weapons
 a - a +1,+1 orcish hand axe (weapon) {=f}
Missiles
 l - 6 javelins (quivered)
Armour
 b - a +0 orcish leather armour (worn)
Comestibles
 c - a meat ration
 g - 2 bread rations
 m - an apple
Scrolls
 e - 3 scrolls of identify {unknown}
 f - 3 scrolls of remove curse {unknown}
 o - a scroll of enchant weapon I {unknown}
Jewellery
 i - an amulet of warding (around neck) {unknown}
Potions
 h - 2 potions of speed {unknown}
 j - 2 potions of curing
 k - a potion of berserk rage {unknown}
 n - a potion of restore abilities {unknown}


   Skills:
 - Level 2.4 Fighting
 * Level 4.9 Axes
 - Level 1.1 Armour
 - Level 0.7 Dodging
 + Level 4.7 Invocations


You had 3 spell levels left.
You didn't know any spells.

Dungeon Overview and Level Annotations

Branches:
Dungeon (3/27)

Altars:

Portals:
Sewer: D:3


Innate Abilities, Weirdness & Mutations

You can tolerate rotten meat.


Message History

The giant cockroach bites you.
* * * LOW HITPOINT WARNING * * *
You closely miss the giant cockroach.
The giant cockroach bites you but does no damage.
Drink which item? (? for menu, Esc to quit)
You feel better. The giant cockroach closely misses you.
You hit the giant cockroach.
You kill the giant cockroach!
Yredelemnul accepts your kill.
You hit the green rat but do no damage. The green rat bites you.
* * * LOW HITPOINT WARNING * * *
You hit the green rat.
The green rat is severely wounded.
The green rat bites you.
* * * LOW HITPOINT WARNING * * *
Drink which item? (? for menu, Esc to quit)
Magic courses through your body.
It was a potion of magic.
The green rat bites you!
You die...
Your body rises from the dead as a mindless zombie.

*,* *,*,,,,,,,*
*,* *,*,***,*,*###
*,* *,*,,,,,,,,..#
*,* *,,,,#######.#
*,*****,,#≈≈≈≈≈#.#
*>,,,,,..#≈≈∩≈≈'.#
,,,,,,,..#≈≈≈r≈#r#
,,*****,.#≈≈≈≈r#r#
,,,,,,...#######@#
,,****#..........#
..# #.....#.####
..#***#.#####.###
.$.,,,..# #...#
..###*#.# ###.#
....# #.# #.#
....* #.# #.#
#.#####.#######.##


You could see a green rat and a grey rat.

Vanquished Creatures
  A green rat (D:3)
  A giant mite (D:3)
  A worm (D:3)
  2 giant geckos (D:1)
  3 bats
  3 giant cockroaches
  3 hobgoblins (D:1)
  3 jackals (D:2)
  2 oozes
  5 giant newts
  5 goblins (D:1)
  6 kobolds
  8 rats
43 creatures vanquished.

Vanquished Creatures (collateral kills)
  A giant gecko (D:2)
  A ball python (D:2)
  A bat (D:2)
  A hobgoblin (D:2)
4 creatures vanquished.

Vanquished Creatures (others)
  A giant mite zombie (D:3)
1 creature vanquished.

Grand Total: 48 creatures vanquished

Notes
Turn   | Place    | Note
--------------------------------------------------------------
     0 | D:1      | Kae, the Hill Orc Death Knight, began the quest for the Orb.
     0 | D:1      | Reached XP level 1. HP: 17/17 MP: 2/2
   180 | D:1      | Reached XP level 2. HP: 24/24 MP: 4/4
   213 | D:1      | Reached skill level 4 in Invocations
   347 | D:1      | Reached XP level 3. HP: 24/29 MP: 4/6
   526 | D:1      | Acquired Yredelemnul's second power
  1603 | D:3      | Found a glowing drain.
  1620 | D:3      | Reached XP level 4. HP: 21/37 MP: 8/8
  1644 | D:3      | Slain by a green rat

Action                   |  1- 3 |  4- 6 || total
-------------------------+-------+-------++-------
Melee: Hand axe          |   125 |    15 ||   140
Invok: Animate Remains   |     6 |     1 ||     7
  Use: Scroll            |     2 |       ||     2
       Potion            |       |     4 ||     4
